 Dungeon Crawl Stone Soup version 0.20.1-1-g8b1a95d (console) character file.

257 bli the Skirmisher (level 6, 0/52 HPs)
             Began as a Formicid Abyssal Knight on Aug 12, 2017.
             Was a Believer of Lugonu.
             Slain by Edmund
             ... wielding a +3 flail of crushing
              (4 damage)
             ... on level 3 of the Dungeon.
             The game lasted 00:13:02 (3118 turns).

bli the Skirmisher (Formicid Abyssal Knight)        Turns: 3118, Time: 00:13:03

Health: 0/52       AC:  4    Str: 17    XL:     6   Next: 39%
Magic:  7/7        EV: 12    Int: 11    God:    Lugonu [**....]
Gold:   184        SH:  4    Dex: 12    Spells: 5/5 levels left

rFire    . . .     SeeInvis +   a - +2 short sword (speed)
rCold    . . .     Gourm    .   (no shield)
rNeg     . . .     Faith    .   g - +0 robe (curse)
rPois    .         Spirit   .   (helmet unavailable)
rElec    .         Reflect  +   (no cloak)
rCorr    .         Harm     .   (no gloves)
MR       .....                  (no boots)
Stlth    +++.......             t - +4 amulet of reflection
Regen    0.2/turn               B - ring of teleportation (curse)
MPRegen  0.1/turn               w - ring of stealth

@: no status effects
A: permanent stasis, dig shafts and tunnels, four strong arms, antennae 3,
rugged brown scales 1, shaggy fur 1
a: Dig, Shaft Self, Depart the Abyss, Bend Space, Renounce Religion


You were on level 3 of the Dungeon.
You worshipped Lugonu.
Lugonu was pleased with you.
You were hungry.

You visited 1 branch of the dungeon, and saw 5 of its levels.
You visited the Abyss 1 time.

You collected 184 gold pieces.

Inventory:

Hand Weapons
 a - a +2 short sword of speed (weapon)
 q - a cursed -2 hand axe
 s - a +1 short sword
Missiles
 e - 110 stones (quivered)
 j - 3 javelins
Armour
 b - a +0 leather armour
 g - a cursed +0 robe (worn)
Jewellery
 i - an uncursed ring of see invisible
 m - an uncursed ring of ice
 t - a +4 amulet of reflection (around neck)
 w - a ring of stealth (right hand)
 y - a cursed amulet of inaccuracy {unknown}
 B - a cursed ring of teleportation (left hand)
Scrolls
 d - 3 scrolls of identify {unknown}
 h - 3 scrolls of remove curse {unknown}
 o - a scroll of magic mapping {unknown}
 p - a scroll of recharging {unknown}
 z - a scroll of blinking {unknown}
 A - a scroll of amnesia {unknown}
Potions
 r - a potion of resistance {unknown}
 u - a potion of brilliance {unknown}
 v - a potion of curing {unknown}
 C - a potion of agility {unknown}
Books
 x - a book of Changes

   Spells                             Type                      Level
   a - Beastly Appendage              Transmutation                1
   b - Sticks to Snakes               Transmutation                2
   c - Spider Form                    Transmutation/Poison         3
   d - Ice Form                       Ice/Transmutation            4
   e - Blade Hands                    Transmutation                5
Comestibles
 c - 6 bread rations
 f - 3 meat rations
 k - a fruit
 l - 5 chunks of flesh
 n - a royal jelly


   Skills:
 * Level 5.0 Fighting
 * Level 4.4 Short Blades
 + Level 2.5 Armour
 + Level 1.5 Dodging
 + Level 1.8 Stealth
 + Level 2.3 Invocations


You had 5 spell levels left.
You didn't know any spells.

Dungeon Overview and Level Annotations

Branches:
Dungeon (5/15)
 Temple: D:4-7

Altars:
Sif Muna

Annotations:
D:3 Edmund
D:4 Blork the orc


Innate Abilities, Weirdness & Mutations

You cannot be hasted, slowed, berserked, paralysed or teleported.
You can dig through walls and to a lower floor.
Your four strong arms can wield two-handed weapons with a shield.
You have a pair of large antennae on your head. (SInv)
You are partially covered in rugged brown scales. (AC +1, +3% HP)
You are covered in fur. (AC +1)


Message History

Edmund is moderately wounded.
Edmund closely misses you.
You hit Edmund.
Edmund is heavily wounded.
You hit Edmund.
Edmund is severely wounded.
Edmund barely misses you.
You hit Edmund but do no damage.
Edmund is severely wounded.
You puncture Edmund!
Edmund is severely wounded.
Edmund hits you with a flail of crushing.
* * * LOW HITPOINT WARNING * * *
x2 You hit Edmund.
Edmund is almost dead.
You barely miss Edmund.
Edmund is almost dead.
Edmund says, "I'm quite good with sums, too."
Edmund hits you with a flail of crushing.
You die...

.......###############.#..#
.............###......÷#..#
......#......[.#.####.....#
......#.####.#.#.# #...#.#
......#.# #.#.#.####.....####
......#.####.#.#.............#
......#............###).###.##
.#############..........# #.#
## #.........#.##.......# #.#
.###.#######.#.##..##.### #.#
................@@.##.# #.#
.###.####.##.###...########.##
........).##...<.............#
..#..####.##.####..###########
.....####..........##
.#...##...##........#
.#...##.#.#.........#
........#.(...###...#
.÷#..##.#...#.###...###
..##.####.###.......#<#
.................##...#


You could see Edmund.

Vanquished Creatures
  A crimson imp (D:5)
  A centaur skeleton (D:4)
  A bullfrog skeleton (D:5)
  2 worker ants
  A worker ant zombie (D:5)
  4 adders
  A dart slug (D:1)
  5 leopard geckos
  2 orcs (D:5)
  2 ball pythons
  8 bats
  4 giant cockroaches
  4 goblins
  3 hobgoblins
  5 jackals
  10 kobolds
  3 quokkas
  5 frilled lizards
  4 rats
66 creatures vanquished.

Notes
Turn   | Place    | Note
-------+----------+-------------------------------------------
     0 | Abyss:1  | bli the Formicid Abyssal Knight began the quest for the Orb.
     0 | Abyss:1  | Reached XP level 1. HP: 18/18 MP: 2/2
    69 | Abyss:1  | Found a corrupted altar of Lugonu.
   154 | Abyss:1  | Noticed a small abomination
   163 | D:1      | Escaped the Abyss
   311 | D:1      | Reached * piety under Lugonu
   311 | D:1      | Reached XP level 2. HP: 18/24 MP: 3/3
   499 | D:1      | Reached XP level 3. HP: 16/30 MP: 4/4
   902 | D:2      | Reached skill level 4 in Fighting
  1062 | D:2      | Reached skill level 1 in Dodging
  1213 | D:2      | Reached XP level 4. HP: 34/37 MP: 5/5
  1385 | D:2      | Reached ** piety under Lugonu
  1385 | D:2      | Reached skill level 1 in Stealth
  2207 | D:3      | You fall through a shaft for 2 floors!
  2207 | D:5      | Entered Level 5 of the Dungeon
  2207 | D:5      | Found a deep blue altar of Sif Muna.
  2398 | D:5      | Reached XP level 5. HP: 28/43 MP: 6/6
  2530 | D:5      | HP: 2/43 [worker ant (7)]
  2553 | D:5      | Reached XP level 6. HP: 7/49 MP: 7/7
  2555 | D:5      | Gained mutation: You are covered in fur. (AC +1) [potion of mutation]
  2555 | D:5      | Gained mutation: You are partially covered in rugged brown scales. (AC +1, +3% HP) [potion of mutation]
  2894 | D:5      | Noticed an ice beast
  2903 | D:5      | Noticed a sky beast
  3071 | D:4      | Reached skill level 5 in Fighting
  3089 | D:4      | Noticed Edmund
  3098 | D:4      | Noticed Blork the orc
  3118 | D:3      | Slain by Edmund

Skill      XL: |  1  2  3  4  5  6 |
---------------+-------------------+-----
Fighting       | 4 5 |  5.0
Dodging        | 1 |  1.5
Stealth        | 1 |  1.8
Short Blades   | 3 4 |  4.4
Armour         | |  2.5
Invocations    | |  2.3

Action                   |  1- 3 |  4- 6 || total
-------------------------+-------+-------++-------
Melee: Short sword       |   122 |   212 ||   334
Invok: Depart the Abyss  |     1 |       ||     1
 Abil: Shaft Self        |       |     1 ||     1
  Use: Potion            |       |     4 ||     4
 Stab: Sleeping          |       |     4 ||     4
  Eat: Chunk             |     1 |     6 ||     7
Armor: Leather armour    |    21 |       ||    21
       Robe              |     7 |    19 ||    26
Dodge: Dodged            |    74 |    80 ||   154
Block: Other             |       |    11 ||    11
